AoeStats
← MiNaToS 4to

Black Forest

510328968Analyzed
2v2 RM · 2d ago on Sep 30, 2026· 71m 19s· 4 players
Game mode
Random Map
Map size
Medium (4 player)
Population
200
Speed
Normal
Resources
Standard
Victory
Conquest
Starting age
Dark Age
Ending age
Imperial Age
RankedLock teamsTeams togetherTeam positionsShared explorationLock speedFull tech treeHidden civsTurbo modeCheats
Victory
Defeat
🇵🇱 Poles · Poland
1307
+14
🇷🇺 Koreans · Russia
1269
+16
🇦🇷 Maya · Argentina
1295
-16
🇧🇷 Khmer · Brazil
1245
-14
Giorgi II
3:28 Loom
9:48 Feudal Age
10:27 Double-Bit Axe
17:06 Horse Collar
22:44 Castle Age
21:11 Fishing Lines
21:25 Gold Mining
21:29 Fletching
21:42 Stone Mining
23:44 Bow Saw
24:39 Bodkin Arrow
24:42 Gillnets
25:28 Town Watch
26:26 Wheelbarrow
31:44 Imperial Age
30:39 Gold Shaft Mining
31:44 Eupseong
32:02 Hand Cart
31:40 Crossbowman
32:28 Caravan
34:04 Two-Man Saw
34:49 Two-Man Saw
34:32 Bracer
35:18 Coinage
34:59 Arbalester
35:58 Heavy Plow
36:45 Conscription
37:10 Thumb Ring
38:43 Chemistry
38:04 Ballistics
40:07 Masonry
39:44 Arrowslits
42:42 Architecture
42:08 Murder Holes
43:18 Forging
43:09 Scale Mail Armor
44:18 Guilds
44:10 Elite Skirmisher
49:17 Banking
49:57 Siege Engineers
49:57 Town Patrol
53:15 Heavy Rocket Cart
58:47 Iron Casting
58:18 Scale Barding Armor
58:57 Light Cavalry
59:38 Husbandry
63:19 Chain Barding Armor
66:01 Stone Shaft Mining
68:20 Hussar
mama_adisona
11:08 Feudal Age
15:08 Castle Age
13:16 Double-Bit Axe
15:18 Wheelbarrow
16:48 Loom
17:04 Town Watch
17:33 Bow Saw
17:46 Horse Collar
22:22 Heavy Plow
24:08 Fishing Lines
27:36 Imperial Age
26:12 Hand Cart
26:53 Scale Barding Armor
26:40 Fletching
26:57 Stone Mining
26:58 Gold Mining
27:08 Gold Mining
28:06 Chain Barding Armor
27:42 Treadmill Crane
28:19 Bloodlines
28:10 Husbandry
29:07 Stone Shaft Mining
29:08 Crop Rotation
29:24 Szlachta Privileges
30:36 Chemistry
29:57 Ballistics
29:48 Forging
30:19 Conscription
29:22 Cavalier
31:55 Iron Casting
31:15 Bodkin Arrow
31:45 Light Cavalry
34:37 Blast Furnace
33:38 Bracer
33:44 Winged Hussar
37:06 Bracer
37:07 Padded Archer Armor
37:40 Lechitic Legacy
38:12 Thumb Ring
39:03 Town Patrol
39:01 Heavy Mounted Crossbowman
40:11 Leather Archer Armor
41:14 Caravan
43:12 Scale Mail Armor
42:35 Elite Obuch
44:48 Capped Ram
45:57 Chain Mail Armor
45:57 Squires
45:43 Arson
46:18 Siege Ram
49:53 Onager
51:05 Pikeman
66:23 Hoardings
Thiers1789
1:55 Loom
12:01 Feudal Age
12:13 Loom
15:23 Castle Age
13:49 Fishing Lines
17:07 Double-Bit Axe
18:38 Bow Saw
23:42 Horse Collar
25:21 Wheelbarrow
24:34 Town Watch
25:27 Heavy Plow
27:01 Gold Mining
27:05 Stone Mining
30:43 Imperial Age
29:03 Hand Cart
29:49 Gold Shaft Mining
30:35 Stone Shaft Mining
31:02 Forging
30:58 Scale Barding Armor
30:54 Husbandry
31:06 Bloodlines
30:16 Light Cavalry
32:23 Iron Casting
33:02 Chain Barding Armor
32:43 Hussar
33:59 Hoardings
33:45 Conscription
32:58 Pikeman
35:04 Blast Furnace
34:45 Ballistics
35:26 Chemistry
34:15 Halberdier
36:50 Fletching
38:32 Scale Mail Armor
38:28 Bodkin Arrow
40:08 Plate Barding Armor
39:49 Chain Mail Armor
40:19 Capped Ram
43:41 Bracer
44:33 Caravan
44:52 Elite Ballista Elephant
45:34 Double Crossbow
45:32 Heavy Scorpion
48:08 Crop Rotation
47:37 Murder Holes
47:53 Masonry
47:54 Fortified Wall
MiNaToS 4to
0:30 Loom
11:02 Feudal Age
15:47 Castle Age
14:28 Double-Bit Axe
16:59 Bow Saw
21:18 Horse Collar
23:55 Wheelbarrow
23:58 Town Watch
25:03 Horse Collar
25:46 Hand Cart
28:00 Gold Mining
28:13 Heavy Plow
29:51 Stone Mining
33:14 Imperial Age
31:04 Fletching
31:14 Padded Archer Armor
31:36 Ballistics
33:46 Scale Mail Armor
34:48 Conscription
35:01 Holcans
34:24 Capped Ram
34:29 Eagle Warrior
35:10 Squires
34:55 Arson
35:22 Forging
35:27 Chain Mail Armor
36:43 Guilds
36:04 Siege Ram
36:19 Elite Eagle Warrior
38:02 Iron Casting
42:54 Blast Furnace
42:26 Plate Mail Armor
41:50 Elite Plumed Archer
44:05 Leather Archer Armor
43:46 Bodkin Arrow
44:55 Chemistry
43:36 Treadmill Crane
44:06 Masonry
44:41 Bracer
45:26 Ring Archer Armor
45:38 Caravan
53:44 Man-at-Arms
56:07 Onager
62:32 Elite Skirmisher
63:17 Thumb Ring
65:40 Hul'che Javelineers
66:59 Long Swordsman
67:43 Two-Handed Swordsman
Connection lost

Rejoining the realm…

Still unreachable

The connection could not be restored.

Session expired

The server has moved on; the page needs a fresh start.